 Dungeon Crawl Stone Soup version 0.29-a0-824-gd827844252 (webtiles) character file.

Game seed: 11727948068622183497

127 Malachi the Sneak (level 5, -5/32 HPs)
             Began as an Octopode Enchanter on July 10, 2022.
             Slain by an ogre
             ... wielding a +0 giant club
              (25 damage)
             ... on level 4 of the Dungeon.
             The game lasted 00:02:50 (3494 turns).

Malachi the Sneak (Octopode Enchanter)              Turns: 3494, Time: 00:02:50

Health: -5/32      AC:  1    Str:  7    XL:     5   Next: 11%
Magic:  3/9        EV: 13    Int: 20    God:
Gold:   41         SH:  0    Dex: 12    Spells: 8/10 levels left

rFire   . . .      SeeInvis .   a - +1 dagger
rCold   + . .      Faith    .   (no shield)
rNeg    . . .      Spirit   .   (helmet restricted)
rPois   .          Reflect  .   (no amulet)
rElec   .          Harm     .   f - ring of willpower
rCorr   .          Rampage  .   k - ring of protection from cold
Will    +....                   (no ring)
Stlth   +++.......              (no ring)
HPRegen 0.10/turn               (no ring)
MPRegen 0.11/turn               (no ring)
                                (no ring)
                                (no ring)

@: very slightly contaminated
A: almost no armour, amphibious, 8 rings, camouflage 1, gelatinous body 1,
(nimble swimmer 1), tentacles
a: no special abilities


You were on level 4 of the Dungeon.
You visited 1 branch of the dungeon, and saw 4 of its levels.

You collected 41 gold pieces.

Inventory:

Hand Weapons
 a - a +1 dagger (weapon)
Missiles
 e - 5 poisoned darts (quivered)
Jewellery
 f - a ring of willpower (left tentacle)
 k - a ring of protection from cold (right tentacle)
Wands
 o - a wand of charming (7)
Scrolls
 d - a scroll of magic mapping {unknown}
 g - 3 scrolls of fear {unknown}
 h - a scroll of torment {unknown}
 m - a scroll of blinking {unknown}
 n - 2 scrolls of identify {unknown}
Potions
 b - 2 potions of invisibility
 c - a potion of brilliance {unknown}
 i - a potion of heal wounds {unknown}
 j - a potion of might {unknown}
 l - a potion of flight {unknown}
 p - 2 potions of haste {unknown}


   Skills:
 + Level 0.8 Fighting
 * Level 3.5 Short Blades
 - Level 2.0 Dodging
 - Level 4.0 Stealth
 * Level 3.2 Spellcasting
 - Level 3.0 Hexes
 + Level 0.2 Ice Magic


You had 8 spell levels left.
You knew the following spells:

 Your Spells              Type           Power      Damage    Failure   Level
a - Ensorcelled Hibernat  Hex/Ice        18%        N/A       11%         2

Your spell library contained the following spells:

 Spells                   Type           Power      Damage    Failure   Level
 Confusing Touch          Hex            15%        N/A       12%         3
 Tukima's Dance           Hex            15%        N/A       12%         3
 Scorch                   Fire           6%         2d5       22%         2
 Dazzling Flash           Conj/Hex       18%        N/A       22%         3
 Flame Wave               Conj/Fire      3%         2d4       80%         4
 Passage of Golubria      Tloc           3%         N/A       80%         4
 Silence                  Hex/Air        4%         N/A       91%         5
 Summon Cactus Giant      Summ           1%         N/A       100%        6
 Lehudib's Crystal Spear  Conj/Erth      1%         10d2      100%        8


Dungeon Overview and Level Annotations

Branches:
Dungeon (4/15)
 Temple: D:4-7

Altars:
Okawaru

Shops:
D:2 (


Innate Abilities, Weirdness & Mutations

You cannot wear most types of armour.
You are amphibious.
You can wear up to eight rings at the same time.
Your skin changes colour to match your surroundings (Stealth+).
Your rubbery body absorbs attacks. (AC +1, EV +1)
((You are camouflaged when in or above water. (Stealth+)))
You have tentacles for arms and can constrict up to eight enemies at once.


Message History

The goblin hits you with a +0 club.
You hit the goblin.
You kill the goblin!
Casting: Ensorcelled Hibernation (safe; 11% risk of failure)
Confirm with . or Enter, or press ? or * to list all spells.
You don't know that spell.
Unknown command.
An ogre is nearby!
Unknown command.
Casting: Ensorcelled Hibernation (safe; 11% risk of failure)
Confirm with . or Enter, or press ? or * to list all spells.
You don't know that spell.
Casting: Ensorcelled Hibernation (safe; 11% risk of failure)
Confirm with . or Enter, or press ? or * to list all spells.
You don't know that spell.
Casting: Ensorcelled Hibernation (safe; 11% risk of failure)
Confirm with . or Enter, or press ? or * to list all spells.
Aiming: Ensorcelled Hibernation (safe; 11% risk of failure)
Press: ? - help, Shift-Dir - straight line, f - ogre
Aim: an ogre, wielding a +0 giant club (chance to affect: 43%)
You miscast Ensorcelled Hibernation.
You are very lightly contaminated with residual magic.
Nothing appears to happen.
Unknown command.
Casting: Ensorcelled Hibernation (safe; 11% risk of failure)
Confirm with . or Enter, or press ? or * to list all spells.
Aiming: Ensorcelled Hibernation (safe; 11% risk of failure)
Press: ? - help, Shift-Dir - straight line, f/p - ogre
Aim: an ogre, wielding a +0 giant club (chance to affect: 43%)
You miscast Ensorcelled Hibernation.
Nothing appears to happen.
Unknown command.
Casting: Ensorcelled Hibernation (safe; 11% risk of failure)
Confirm with . or Enter, or press ? or * to list all spells.
Aiming: Ensorcelled Hibernation (safe; 11% risk of failure)
Press: ? - help, Shift-Dir - straight line, f/p - ogre
Aim: an ogre, wielding a +0 giant club (chance to affect: 43%)
The ogre resists with some effort.
The ogre hits you with a +0 giant club!!
Ouch! That really hurt!
You die...

####### #.....#
#.....# #.....#
#.(...#
######.....######
#....>...........
#.......@O)#
#..(...)...#
#.....######
#.....#....######
#................
#.#...#.##.######
#.......##.##
####.#.##....#
.............#


You could see an ogre.

Vanquished Creatures
  A hound (D:3)
  An adder (D:3)
  3 worms (D:2)
  5 dart slugs
  An orc (D:4)
  5 bats
  7 endoplasms
  3 giant cockroaches
  4 hobgoblins
  4 jackals (D:2)
  5 kobolds
  A quokka (D:2)
  10 ball pythons
  3 frilled lizards
  6 goblins
  5 rats
64 creatures vanquished.

Notes
Turn   | Place    | Note
-------+----------+-------------------------------------------
     0 | D:1      | Malachi the Octopode Enchanter began the quest for the Orb.
     0 | D:1      | Reached XP level 1. HP: 11/11 MP: 3/3
   438 | D:1      | Reached XP level 2. HP: 17/17 MP: 5/5
   898 | D:2      | Reached XP level 3. HP: 16/21 MP: 7/7
   950 | D:1      | Learned a level 2 spell: Ensorcelled Hibernation
  1466 | D:2      | Found Qoevapekk's Weapon Shoppe.
  2271 | D:2      | Reached XP level 4. HP: 27/27 MP: 8/8
  2923 | D:3      | Found an iron altar of Okawaru.
  3057 | D:3      | Reached XP level 5. HP: 32/32 MP: 9/9
  3486 | D:4      | Noticed an ogre
  3494 | D:4      | Slain by an ogre

Illustrated notes

Levels and vault maps discovered:
D:1:      dpeg_arrival_central, layout_rooms
D:2:      layout_loops_ring, serial_shops, nicolae_shop_bloodbath_and_beyond,
          st_stairs_10, minivault_25, nicolae_figureground_pulse
D:3:      layout_loops_ring, mainiacjoe_overflow_24_doors
D:4:      layout_basic, minmay_temple_entry_sparse_star

Skill      XL: |  1  2  3  4 |
---------------+-------------+-----
Short Blades   | 2 3 |  3.5
Spellcasting   | 3 |  3.2
Fighting       | |  0.8
Dodging        | |  2.0
Stealth        | |  4.0
Hexes          | |  3.0
Ice Magic      | |  0.2

Action                   |  1- 3 |  4- 6 || total
-------------------------+-------+-------++-------
Melee: Dagger            |    78 |    55 ||   133
       Constrict         |    16 |    10 ||    26
       Punch             |     2 |       ||     2
       Tentacles         |     9 |     9 ||    18
 Cast: Ensorcelled Hiber |     3 |     1 ||     4
 Stab: Sleeping          |    17 |     7 ||    24
Armor: Skin              |     3 |     2 ||     5
Dodge: Dodged            |    32 |    20 ||    52

Table legend: (Time is in decaauts)
 A = Elapsed time spent in this place.
 B = Non-inter-level travel time spent in this place.
 C = Inter-level travel time spent in this place.
 D = Time resting spent in this place.
 E = Time spent auto-exploring this place.
 F = Levels seen in this place.
 G = Mean time per level.
                   A        B        C        D        E       F      G
               +--------+--------+--------+--------+--------+-----+--------+
         Total |   3478 |   3419 |     59 |    823 |   2129 |   4 |  869.5 |
       Dungeon |   3478 |   3419 |     59 |    823 |   2129 |   4 |  869.5 |
               +--------+--------+--------+--------+--------+-----+--------+

Top non-repeatable levels by time:
     D:2: 1320 daAuts
     D:1: 1154 daAuts
     D:3: 913 daAuts
     D:4: 89 daAuts
